 Dungeon Crawl Stone Soup version 0.23.1-37-gaa34b87b72 (webtiles) character file.

Game seed: 12627273519680810972

17642 Gunterle the Zephyrmancer (level 12, 0/66 HPs)
             Began as a Tengu Air Elementalist on Mar 25, 2019.
             Was an Elder of Kikubaaqudgha.
             Slain by a wolf spider zombie (9 damage)
             ... on level 15 of the Dungeon.
             The game lasted 02:08:36 (19946 turns).

Gunterle the Zephyrmancer (Tengu Air Elementalist) Turns: 19946, Time: 02:08:36

Health: 0/66       AC:  6    Str: 13    XL:     12   Next: 50%
Magic:  10/47      EV: 18    Int: 20    God:    Kikubaaqudgha [****..]
Gold:   357        SH:  0    Dex: 14    Spells: 3/24 levels left

rFire    + . .     SeeInvis .   F - staff of power
rCold    . . .     Gourm    .   (no shield)
rNeg     . . .     Faith    .   W - +2 robe {rF+}
rPois    .         Spirit   .   (helmet restricted)
rElec    .         Reflect  .   y - scarf {repulsion}
rCorr    .         Harm     .   L - +1 pair of gloves
MR       .....                  (boots unavailable)
Stlth    ++........             (no amulet)
HPRegen  0.21/turn              Y - +3 ring of strength
MPRegen  0.30/turn              h - ring of magical power

@: flying quickly and evasively, repel missiles, quick
A: beak, talons 3, able to fly
a: Stop Flying, Receive Corpses, Renounce Religion


You were on level 15 of the Dungeon.
You worshipped Kikubaaqudgha.
Kikubaaqudgha was greatly pleased with you.
You were hungry.

You visited 2 branches of the dungeon, and saw 15 of its levels.
You also visited: Ossuary.

You collected 437 gold pieces.
You spent 80 gold pieces at shops.

Inventory:

Hand Weapons
 a - a +0 trident of venom
 e - a +4 scimitar of flaming
 z - a +3 flail of freezing
 V - a cursed +3 scimitar of freezing
 X - a +3 hand axe
Missiles
 l - 5 javelins of returning (quivered)
Armour
 s - a +1 robe of cold resistance
 y - a scarf of repulsion (worn)
 L - a +1 pair of gloves (worn)
 W - a +2 robe of fire resistance (worn)
Magical Staves
 F - an uncursed staff of power (weapon)
Jewellery
 h - a ring of magical power (right hand)
 t - an uncursed ring of flight
 Y - a +3 ring of strength (left hand)
Wands
 b - a wand of digging (9)
 B - a wand of enslavement (7)
 G - a wand of flame (13)
 N - a wand of iceblast (8)
 Z - a wand of polymorph (8)
Scrolls
 f - a scroll of brand weapon
 j - 12 scrolls of remove curse
 k - a scroll of enchant weapon {unknown}
 m - 3 scrolls of enchant armour
 n - 2 scrolls of teleportation
 r - 2 scrolls of immolation
 u - 5 scrolls of amnesia
 C - a scroll of random uselessness {unknown}
 R - 2 scrolls of torment
 T - 4 scrolls of magic mapping
Potions
 d - 4 potions of flight
 g - 2 potions of mutation
 i - 7 potions of might
 o - 3 potions of cancellation
 p - a potion of resistance {unknown}
 w - 2 potions of curing
 D - 5 potions of lignification
 E - 2 potions of magic {unknown}
 H - 4 potions of brilliance
 K - a potion of ambrosia {unknown}
 O - a potion of agility {unknown}
 Q - a potion of haste
Comestibles
 c - 12 rations


   Skills:
 + Level 4.2 Fighting
 + Level 5.3 Dodging
 - Level 2.0 Stealth
 * Level 6.9 Spellcasting
 * Level 13.0 Conjurations
 * Level 9.6 Necromancy
 - Level 1.6 Translocations
 + Level 13.3 Air Magic
 + Level 5.2 Evocations


You had 3 spell levels left.
You knew the following spells:

 Your Spells              Type           Power        Failure   Level  Hunger
a - Shock                 Conj/Air       ####         1%          1    None
b - Swiftness             Chrm/Air       ####....     1%          2    None
c - Agony                 Necr           #####...     4%          5    #####..
d - Airstrike             Air            ######....   1%          4    ###....
e - Lightning Bolt        Conj/Air       ######....   1%          5    #####..
f - Vampiric Draining     Necr           #####.....   1%          3    #......
g - Apportation           Tloc           ##....       4%          1    None

Your spell library contained the following spells:

 Spells                   Type           Power        Failure   Level  Hunger
 Animate Skeleton         Necr           N/A          1%          1    None
 Pain                     Necr           ####         1%          1    None
 Sublimation of Blood     Necr           #####.....   1%          2    None
 Static Discharge         Conj/Air       ######..     1%          3    #......
 Confusing Touch          Hex            #.....       10%         1    None
 Corona                   Hex            #......      10%         1    None
 Summon Small Mammal      Summ           #...         10%         1    None
 Slow                     Hex            #.......     14%         2    None
 Portal Projectile        Hex/Tloc       ##....       21%         3    #......
 Inner Flame              Hex/Fire       #.......     28%         3    #......
 Animate Dead             Necr           N/A          1%          4    ###....
 Dispel Undead            Necr           #####...     4%          5    #####..
 Death Channel            Necr           #####.....   28%         6    ######.
 Excruciating Wounds      Chrm/Necr      ####......   36%         5    #####..
 Cause Fear               Hex            #.........   67%         4    ###....
 Leda's Liquefaction      Hex/Erth       #.........   67%         4    ###....


Dungeon Overview and Level Annotations

Branches:
Dungeon (15/15)            Temple (1/1) D:5            Lair (0/6) D:10
    Orc (0/2) D:10
 Vaults: D:13-14     Depths: D:15

Altars:
Ashenzari
Cheibriados
Dithmenos
Elyvilon
Fedhas
Gozag
Hepliaklqana
Kikubaaqudgha
Makhleb
Nemelex Xobeh
Okawaru
Qazlal
Ru
Sif Muna
Trog
Uskayaw
Vehumet
Wu Jian
Xom
Yredelemnul
Zin
The Shining One

Shops:
D:8 *

Annotations:
D:7 Harold
D:12 2 runed translucent doors, Sonja


Innate Abilities, Weirdness & Mutations

You have a beak for a mouth.
You have claws for feet.
You can fly continuously.


Message History

A troll comes into view.
Found a scroll of immolation.
Found a stone staircase leading up.
There is a stone staircase leading down here.
The troll shouts!
You hear a shout! x3
You fly downwards.
There is a stone staircase leading up here.
Okay, then.
You start resting.
The wolf spider zombie is no longer charmed.
The wolf spider zombie hits you!
* * * LOW HITPOINT WARNING * * *
The wolf spider zombie misses you.
The wolf spider zombie hits you but does no damage.
The wolf spider zombie bites you!
* * * LOW HITPOINT WARNING * * *
You feel better. The wolf spider zombie hits you.
* * * LOW HITPOINT WARNING * * *
The wolf spider zombie bites you!
You die...
Kikubaaqudgha rasps: "You have failed me!
Welcome... death!"

.##
##..##.#...
.... ... .....
#....#
####.##...###
....##
##...........#
......
............(#
######
#....(.(...#
#........(.#
#....Z†....#
#...@......#
#..........#
#.....%....#
#..........#
#.........(#
############


You could see a wolf spider zombie.

Vanquished Creatures
  Snorg (D:10)
  Erica (D:10)
  5 two-headed ogres
  5 death yaks (D:10)
  An ugly thing (D:11)
  A cyclops (D:11)
  A troll (D:11)
  5 slime creatures
  A meliai zombie (D:11)
  3 hippogriffs
  A wyvern (D:11)
  3 yaks (D:6)
  4 vampire mosquitoes
  4 water moccasins
  4 orc warriors
  A swamp drake (D:10)
  An ice beast (D:8)
  4 phantoms
  A necrophage (D:11)
  3 sky beasts
  An eye of draining (D:11)
  3 ogres
  7 centaurs
  2 crocodiles
  2 big kobolds (D:11)
  6 bullfrogs
  A wyvern skeleton (D:11)
  10 scorpions
  13 wights
  2 electric eels (D:11)
  6 crimson imps
  5 hounds
  2 quasits (D:8)
  2 human zombies (Ossuary)
  2 jellies
  5 orc priests
  8 orc wizards
  3 bullfrog skeletons
  3 iguanas
  8 worker ants
  3 big kobold zombies (Ossuary)
  A hound zombie (D:8)
  3 hound skeletons (D:8)
  3 mummies (Ossuary)
  A worker ant zombie (D:6)
  10 adders
  7 gnolls
  A howler monkey skeleton (D:8)
  3 river rats (D:5)
  5 scorpion zombies (Ossuary)
  3 shadow imps
  An ooze (D:2)
  2 adder zombies
  3 dart slugs
  5 leopard geckos
  49 orcs
  2 ball pythons
  11 bats
  6 giant cockroaches
  9 goblins
  8 hobgoblins
  19 jackals
  4 quokkas
  7 frilled lizards
  2 goblin zombies (Ossuary)
  2 hobgoblin zombies (Ossuary)
  A jackal zombie (D:5)
  11 kobolds
  3 kobold zombies (Ossuary)
  A leopard gecko skeleton (D:4)
  3 orc zombies (Ossuary)
  11 rats
341 creatures vanquished.

Vanquished Creatures (others)
  An acid dragon (D:15)
  A scorpion (Ossuary)
  A plant (D:3)
3 creatures vanquished.

Grand Total: 344 creatures vanquished

Notes
Turn   | Place    | Note
-------+----------+-------------------------------------------
     0 | D:1      | Gunterle the Tengu Air Elementalist began the quest for the
                  | Orb.
     0 | D:1      | Reached XP level 1. HP: 10/10 MP: 4/4
   259 | D:1      | Reached XP level 2. HP: 5/15 MP: 0/6
   792 | D:1      | Learned a level 2 spell: Swiftness
   861 | D:1      | Reached XP level 3. HP: 19/19 MP: 0/7
   930 | D:1      | Learned a level 3 spell: Static Discharge
  1572 | D:2      | Reached skill level 5 in Air Magic
  2281 | D:2      | Reached XP level 4. HP: 24/24 MP: 3/8
  3408 | D:3      | Gained mutation: You can fly continuously. [Tengu growth]
  3408 | D:3      | Reached XP level 5. HP: 20/28 MP: 2/9
  4006 | D:3      | Reached skill level 5 in Conjurations
  4376 | D:3      | Found a shattered altar of Ashenzari.
  4688 | D:4      | Found a sand-covered staircase.
  4694 | Ossuary  | Entered an ossuary
  4717 | Ossuary  | Reached XP level 6. HP: 27/32 MP: 3/10
  5688 | Ossuary  | Reached XP level 7. HP: 36/36 MP: 9/11
  6794 | D:4      | Learned a level 4 spell: Airstrike
  7609 | D:4      | Reached XP level 8. HP: 41/41 MP: 7/13
  8344 | D:5      | Entered Level 5 of the Dungeon
  8364 | D:5      | Found a staircase to the Ecumenical Temple.
  8373 | Temple   | Entered the Ecumenical Temple
  8507 | Temple   | Became a worshipper of Kikubaaqudgha
  8959 | D:5      | Reached skill level 1 in Necromancy
  9262 | D:5      | Found a deep blue altar of Sif Muna.
 10018 | D:6      | Noticed a yak
 10037 | D:6      | Killed a yak
 10049 | D:6      | Noticed a yak
 10056 | D:6      | Killed a yak
 10056 | D:6      | Noticed a yak
 10064 | D:6      | Killed a yak
 10769 | D:7      | Reached XP level 9. HP: 44/45 MP: 16/16
 10860 | D:7      | Reached skill level 10 in Air Magic
 10982 | D:7      | Noticed Harold
 11833 | D:8      | Learned a level 5 spell: Lightning Bolt
 11841 | D:8      | Reached * piety under Kikubaaqudgha
 11841 | D:8      | Identified Kikubaaqudgha's Disquisition on Dark Arts
                  | (Kikubaaqudgha gifted it to you on level 8 of the Dungeon)
 11841 | D:8      | Received a gift from Kikubaaqudgha
 12040 | D:8      | Found Jasa's General Store.
 12048 | D:8      | Bought a potion of cancellation for 80 gold pieces
 12209 | D:8      | Reached skill level 5 in Necromancy
 12209 | D:8      | Reached skill level 1 in Evocations
 12343 | D:8      | Noticed a two-headed ogre
 12350 | D:8      | Killed a two-headed ogre
 12350 | D:8      | Reached skill level 10 in Conjurations
 12350 | D:8      | Reached XP level 10. HP: 31/50 MP: 4/18
 12590 | D:8      | Learned a level 3 spell: Vampiric Draining
 12964 | D:8      | Reached skill level 5 in Spellcasting
 13353 | D:8      | Learned a level 1 spell: Apportation
 14281 | D:9      | Reached ** piety under Kikubaaqudgha
 14930 | D:10     | Entered Level 10 of the Dungeon
 15038 | D:10     | Noticed a death yak
 15106 | D:10     | Reached skill level 1 in Fighting
 15123 | D:10     | Noticed a two-headed ogre
 15127 | D:10     | Killed a two-headed ogre
 15172 | D:10     | Noticed a death yak
 15325 | D:10     | Noticed Snorg
 15674 | D:10     | Killed Snorg
 15674 | D:10     | Reached XP level 11. HP: 45/57 MP: 4/20
 15837 | D:10     | Noticed a death yak
 15837 | D:10     | Noticed a death yak
 15837 | D:10     | Noticed a death yak
 15852 | D:10     | Killed a death yak
 15855 | D:10     | Killed a death yak
 15857 | D:10     | Killed a death yak
 15875 | D:10     | Killed a death yak
 16193 | D:10     | Found a staircase to the Lair.
 16205 | D:10     | Killed a death yak
 16408 | D:10     | Noticed Erica
 16668 | D:10     | Killed Erica
 17139 | D:10     | Noticed a two-headed ogre
 17152 | D:10     | Reached *** piety under Kikubaaqudgha
 17152 | D:10     | Identified Kikubaaqudgha's Reference Book on Darkness
                  | (Kikubaaqudgha gifted it to you on level 10 of the Dungeon)
 17152 | D:10     | Received a gift from Kikubaaqudgha
 17153 | D:10     | Killed a two-headed ogre
 17164 | D:10     | Learned a level 5 spell: Agony
 17414 | D:10     | Found a staircase to the Orcish Mines.
 17639 | D:11     | Reached skill level 1 in Translocations
 17825 | D:10     | Reached XP level 12. HP: 37/64 MP: 22/22
 18586 | D:11     | Reached **** piety under Kikubaaqudgha
 18826 | D:11     | Noticed a two-headed ogre
 18832 | D:11     | Killed a two-headed ogre
 18832 | D:11     | Reached skill level 5 in Dodging
 19320 | D:12     | Noticed a fire dragon
 19322 | D:12     | Noticed an ice dragon
 19323 | D:12     | Noticed a fire dragon
 19324 | D:12     | Found a runed translucent door.
 19325 | D:12     | Found the +2 shield of Resistance {rF+ rC+ MR+}
 19326 | D:12     | Found a runed translucent door.
 19326 | D:12     | Noticed an ice dragon
 19352 | D:12     | Noticed Sonja
 19370 | D:12     | Noticed a two-headed ogre
 19393 | D:11     | Killed a two-headed ogre
 19393 | D:11     | Reached skill level 5 in Evocations
 19801 | D:12     | You are sucked into a shaft for 3 floors!
 19801 | D:15     | Entered Level 15 of the Dungeon
 19801 | D:15     | Noticed a two-headed ogre
 19849 | D:15     | Noticed a death knight
 19946 | D:15     | Slain by a wolf spider zombie

Skill      XL: |  1  2  3  4  5  6  7  8  9 10 11 12 |
---------------+-------------------------------------+-----
Conjurations   | 2 3 4 5 6 7 9 10 11 12 13 | 13.0
Air Magic      | 5 6 7 8 9 11 12 13 | 13.3
Spellcasting   | 3 4 5 6 |  6.9
Necromancy     | 3 5 7 8 9 |  9.6
Evocations     | 2 3 4 5 |  5.2
Fighting       | 2 3 4 |  4.2
Dodging        | 3 4 5 |  5.3
Translocations | 1 |  1.6
Stealth        | |  2.0

Action                   |  1- 3 |  4- 6 |  7- 9 | 10-12 || total
-------------------------+-------+-------+-------+-------++-------
Melee: Whip              |    12 |     3 |       |       ||    15
       Kick              |     1 |       |       |     4 ||     5
       Peck              |     2 |     1 |     1 |     2 ||     6
       Falchion          |       |     1 |       |       ||     1
       Staff             |       |       |       |     6 ||     6
 Cast: Shock             |    78 |   166 |   273 |   106 ||   623
       Static Discharge  |       |     3 |       |       ||     3
       Airstrike         |       |       |    30 |   236 ||   266
       Swiftness         |       |       |     1 |     6 ||     7
       Lightning Bolt    |       |       |       |    34 ||    34
       Agony             |       |       |       |     8 ||     8
 Abil: Fly               |       |     2 |       |       ||     2
       Stop Flying       |       |     1 |       |       ||     1
Evoke: Wand              |       |       |       |     5 ||     5
  Use: Scroll            |     3 |     4 |     8 |    15 ||    30
       Potion            |       |     1 |     1 |    11 ||    13
  Eat: Chunk             |     5 |    11 |    16 |    27 ||    59
       Ration            |       |     1 |     2 |    12 ||    15
Armor: Robe              |     4 |    10 |     8 |    21 ||    43
Dodge: Dodged            |    10 |    27 |    57 |   135 ||   229
       Deflected         |       |     2 |     1 |    13 ||    16
       Rpst.: Falchion   |       |     6 |     5 |       ||    11
